 Dungeon Crawl Stone Soup version 0.31.0-11-ge490571c62 (webtiles) character file.

Game seed: 16364420965382090738

301 qw the Shooter (level 6, -2/30 HPs)
             Began as a Spriggan Hunter on Feb 3, 2024.
             Shot with an arrow by a centaur (14 damage)
             ... on level 4 of the Dungeon.
             The game lasted 00:00:10 (2273 turns).

qw the Shooter (Spriggan Hunter)                    Turns: 2273, Time: 00:00:10

Health: -2/30      AC:  2    Str:  7    XL:     6   Next: 14%
Magic:  7/7        EV: 21    Int: 10    God:
Gold:   21         SH:  0    Dex: 21    Spells: 5/5 levels left

rFire   . . .        a - +0 shortbow
rCold   . . .        (shield currently unavailable)
rNeg    . . .        c - +0 robe
rPois   .            (helmet restricted)
rElec   .            (no cloak)
rCorr   .            (gloves unavailable)
SInv    +            (boots unavailable)
Will    +....        (no amulet)
Stlth   ++           (no ring)
HPRegen 0.25/turn    (no ring)
MPRegen 0.10/turn

%: no passive effects
@: very quick
A: very small, no large weapons, unfitting armour, see invisible, speed 3
a: no special abilities


You were on level 4 of the Dungeon.
You visited 1 branch of the dungeon, and saw 4 of its levels.

You collected 112 gold pieces.
You spent 91 gold pieces at shops.


Innate Abilities, Weirdness & Mutations

You are very small and have problems with some larger weapons.
You are too small for most types of armour.
You have supernaturally acute eyesight. (SInv)
You cover ground extremely quickly. (Speed+++)


   Skills:
 - Level 2.0 Fighting
 - Level 6.1 Ranged Weapons
 + Level 5.7 Dodging
 - Level 1.5 Stealth


You had 5 spell levels left.
You didn't know any spells.
Your spell library was empty.

Inventory:

Hand Weapons
 a - a +0 shortbow (weapon)
Armour
 c - a +0 robe (worn)
Jewellery
 h - a +6 ring of intelligence
Wands
 g - a wand of polymorph (9)
 i - a wand of digging (1)
 j - a wand of flame (7)
Scrolls
 d - a scroll of identify
 e - a scroll of enchant armour
Potions
 b - a potion of curing
 f - a potion of haste

Dungeon Overview and Level Annotations

Branches:
Dungeon (4/15)
 Temple: D:4-7

Altars:
Cheibriados
Dithmenos
Hepliaklqana
Wu Jian

Shops:
D:2 [   D:4 *


Message History

There is an open door here.
A goblin comes into view. It is wielding a +0 dagger.
You shoot an arrow. The arrow hits the goblin!
You kill the goblin!
There is an entrance to Qihyss's Gadget Gallery here.
2248 ||| BUYING wand of digging (1) (42 gold).
i - a wand of digging (1) Thank you for shopping at Qihyss's Gadget Gallery!
2248 ||| BUYING wand of flame (7) (49 gold).
j - a wand of flame (7) Thank you for shopping at Qihyss's Gadget Gallery!
2248 ||| SHOPLISTING wand of roots (9) (216 gold, have 21).
You can access your shopping list by pressing '$'.
You see here a +0 dagger.
An adder comes into view.
You shoot an arrow. The arrow hits the adder!
The adder hisses angrily.
The adder is severely wounded.
You shoot an arrow. The arrow hits the adder!
You kill the adder!
Found 8 stones.
A centaur comes into view.
You shoot an arrow. The arrow hits the centaur.
The centaur shouts!
The centaur is lightly wounded.
You shoot an arrow. The arrow hits the centaur!
The centaur is severely wounded.
You shoot an arrow. The arrow hits the centaur.
The centaur is almost dead.
The centaur wields a +0 shortbow.
The centaur shoots an arrow.
The arrow barely misses you.
You shoot an arrow. The arrow hits the centaur.
The centaur is almost dead.
The centaur shoots an arrow.
The arrow hits you!
The centaur shoots an arrow.
The arrow hits you!
You shoot an arrow.
The arrow hits the centaur but does no damage.
The centaur is almost dead.
The centaur shoots an arrow.
The arrow hits you!
You die...

##### #(@.#
#.#.# #c#.#
##########
#.#.#
.......%>#
#.#.#
########.#
#.#.# #.#
#.#.# #.#
#.#.#
###### #.#
#.####....#


You could see a centaur.

Vanquished Creatures
  A bombardier beetle (D:4)
  2 hounds (D:4)
  An iguana (D:4)
  9 adders
  3 dart slugs
  4 ribbon worms
  4 orcs
  8 bats
  3 endoplasms
  3 giant cockroaches
  6 goblins
  6 hobgoblins
  3 jackals (D:1)
  4 quokkas
  11 ball pythons
  3 frilled lizards
  11 kobolds
  3 rats
85 creatures vanquished.

Notes
Turn   | Place    | Note
-------+----------+-------------------------------------------
     0 | D:1      | qw the Spriggan Hunter began the quest for the Orb.
     0 | D:1      | Reached XP level 1. HP: 10/10 MP: 2/2
     0 | D:1      | 0 ||| qw: Version: 0.3-a-155-g5e7d8dd
     0 | D:1      | 0 ||| qw: Game counter: 3448
     0 | D:1      | 0 ||| qw: Melee chars always use a shield: true
     0 | D:1      | 0 ||| qw: God list: Okawaru
     0 | D:1      | 0 ||| qw: Allow faded altars: false
     0 | D:1      | 0 ||| qw: Do Orc after clearing Dungeon:15 true
     0 | D:1      | 0 ||| qw: Do second Lair branch before Depths: true
     0 | D:1      | 0 ||| qw: Lair rune preference: random
     0 | D:1      | 0 ||| qw: Goals: Normal
     0 | D:1      | 0 ||| PLANNING D:1-11
   115 | D:1      | 115 ||| RETREEEEATING.
   116 | D:1      | 116 ||| RETREEEEATING.
   118 | D:1      | Reached skill level 3 in Dodging
   128 | D:1      | Reached XP level 2. HP: 13/14 MP: 3/3
   487 | D:1      | Reached XP level 3. HP: 18/18 MP: 4/4
   697 | D:1      | 697 ||| READING scroll labelled KEUWIH SOLINY.
   697 | D:1      | 697 ||| IDENTIFYING scroll labelled HOZEKO QESA
   698 | D:1      | 698 ||| DROPPING scroll of butterflies.
   843 | D:2      | Reached skill level 5 in Ranged Weapons
   890 | D:2      | Reached XP level 4. HP: 22/22 MP: 5/5
   894 | D:2      | Found Nacaveeh's Antique Armour Shoppe.
  1308 | D:3      | Found a shadowy altar of Dithmenos.
  1384 | D:3      | Found a snail-covered altar of Cheibriados.
  1401 | D:3      | Found a hazy altar of Hepliaklqana.
  1459 | D:3      | Found an ornate altar of the Wu Jian Council.
  1601 | D:3      | Found a faded altar of an unknown god.
  1611 | D:3      | Reached XP level 5. HP: 26/26 MP: 6/6
  1719 | D:3      | 1719 ||| READING scroll of identify.
  1719 | D:3      | 1719 ||| IDENTIFYING clear potion
  1720 | D:3      | 1720 ||| READING scroll labelled GIAZIT XITE.
  1725 | D:3      | 1725 ||| DRINKING 2 bubbling golden potions.
  1726 | D:3      | 1726 ||| DRINKING 2 grey potions.
  1727 | D:3      | 1727 ||| DROPPING potion of invisibility.
  1770 | D:4      | 1770 ||| FLEEEEING.
  1771 | D:4      | 1771 ||| STAIRDANCE
  1910 | D:4      | Reached skill level 6 in Ranged Weapons
  1982 | D:4      | Reached XP level 6. HP: 20/30 MP: 7/7
  1983 | D:4      | 1983 ||| FLEEEEING.
  1986 | D:4      | 1986 ||| FLEEEEING.
  1987 | D:4      | 1987 ||| FLEEEEING.
  1988 | D:4      | 1988 ||| FLEEEEING.
  1990 | D:4      | 1990 ||| FLEEEEING.
  1991 | D:4      | 1991 ||| FLEEEEING.
  1992 | D:4      | 1992 ||| FLEEEEING.
  1993 | D:4      | 1993 ||| FLEEEEING.
  1994 | D:4      | 1994 ||| FLEEEEING.
  1995 | D:4      | 1995 ||| FLEEEEING.
  1996 | D:4      | 1996 ||| FLEEEEING.
  1997 | D:4      | 1997 ||| FLEEEEING.
  1998 | D:4      | 1998 ||| FLEEEEING.
  1999 | D:4      | 1999 ||| FLEEEEING.
  2000 | D:4      | 2000 ||| FLEEEEING.
  2003 | D:4      | 2003 ||| FLEEEEING.
  2004 | D:4      | 2004 ||| FLEEEEING.
  2005 | D:4      | 2005 ||| FLEEEEING.
  2008 | D:4      | 2008 ||| FLEEEEING.
  2009 | D:4      | 2009 ||| FLEEEEING.
  2010 | D:4      | 2010 ||| FLEEEEING.
  2011 | D:4      | 2011 ||| FLEEEEING.
  2012 | D:4      | 2012 ||| FLEEEEING.
  2013 | D:4      | 2013 ||| FLEEEEING.
  2018 | D:4      | 2018 ||| FLEEEEING.
  2019 | D:4      | 2019 ||| FLEEEEING.
  2020 | D:4      | 2020 ||| FLEEEEING.
  2021 | D:4      | 2021 ||| FLEEEEING.
  2022 | D:4      | 2022 ||| FLEEEEING.
  2023 | D:4      | 2023 ||| FLEEEEING.
  2241 | D:4      | Found Qihyss's Gadget Gallery.
  2248 | D:4      | 2248 ||| BUYING wand of digging (1) (42 gold).
  2248 | D:4      | Bought a wand of digging (1) for 42 gold pieces
  2248 | D:4      | 2248 ||| BUYING wand of flame (7) (49 gold).
  2248 | D:4      | Bought a wand of flame (7) for 49 gold pieces
  2248 | D:4      | 2248 ||| SHOPLISTING wand of roots (9) (216 gold, have 21).
  2273 | D:4      | Shot with an arrow by a centaur

Levels and vault maps discovered:
D:1:      tarquinn_simple_flora_water_d, layout_loops_ring,
          hangedman_decor_diamond_cutter, minmay_misc_feat_rows
D:2:      layout_rooms, serial_shops, shop
D:3:      layout_rooms, nicolae_overflow_quartered_altars,
          dreamdust_ecumenical_altar_statues, kennysheep_generic_room_8
D:4:      layout_basic, grunt_ministairs_6, nicolae_shop_gadgets

Skill      XL: |  1  2  3  4  5 |
---------------+----------------+-----
Dodging        | 3 4 5 |  5.7
Ranged Weapons | 5 6 |  6.1
Fighting       | 2 |  2.0
Stealth        | |  1.5

Action                     |  1- 3 |  4- 6 || total
---------------------------+-------+-------++-------
   Fire: Shortbow          |   118 |   166 ||   284
    Use: Scroll            |     1 |     2 ||     3
         Potion            |       |     2 ||     2
 Armour: Robe              |    19 |    24 ||    43
  Dodge: Dodged            |    53 |    53 ||   106

Table legend:
 A = Non-vault XP
 B = Vault XP
 C = Vault XP percentage of total XP
 D = Non-vault monster count
 E = Vault monster count
 F = Vault count percentage of total count
                 A         B        C        D         E       F
            +---------+---------+-------+---------+---------+-------
      Total |     377 |      53 |  12.3 |      81 |       4 |   4.7
            +---------+---------+-------+---------+---------+-------
        D:1 |      53 |       0 |   0.0 |      30 |       0 |   0.0
        D:2 |      98 |       0 |   0.0 |      15 |       0 |   0.0
        D:3 |      57 |       6 |   9.5 |      17 |       2 |  10.5
        D:4 |     169 |      47 |  21.8 |      19 |       2 |   9.5
            +---------+---------+-------+---------+---------+-------
